 Dungeon Crawl Stone Soup version 0.28.0-49-g6dfe1f597d (webtiles) character file.

Game seed: 3064242879655452571

12714 mortz the Thaumaturge (level 11, -7/55 HPs)
             Began as a Deep Elf Air Elementalist on May 16, 2022.
             Was a Priest of Vehumet.
             Mangled by a death yak (20 damage)
             ... on level 10 of the Dungeon.
             The game lasted 01:18:50 (14563 turns).

mortz the Thaumaturge (Deep Elf Air Elementalist)  Turns: 14563, Time: 01:18:51

Health: -7/55      AC:  5    Str:  5    XL:     11   Next: 66%
Magic:  18/31      EV: 11    Int: 25    God:    Vehumet [***...]
Gold:   454        SH:  5    Dex: 15    Spells: 18/38 levels left

rFire   + . .      SeeInvis .   W - +4 short sword (freeze) {short}
rCold   + . .      Faith    .   Z - +2 buckler
rNeg    . . .      Spirit   .   q - +0 troll leather armour
rPois   .          Reflect  .   (no helmet)
rElec   .          Harm     .   L - scarf {rC+ rF+}
rCorr   .          Rampage  .   (no gloves)
Will    ++...                   o - +0 pair of boots
Stlth   ++........              (no amulet)
HPRegen 0.98/turn               p - ring of willpower
MPRegen 0.22/turn               t - ring of flight

@: flying
A: no striking features
a: Renounce Religion


You were on level 10 of the Dungeon.
You worshipped Vehumet.
Vehumet was most pleased with you.
You visited 2 branches of the dungeon, and saw 11 of its levels.

You collected 514 gold pieces.
You spent 60 gold pieces at shops.


   Skills:
 + Level 0.6 Fighting
 + Level 2.0 Armour
 + Level 3.2 Dodging
 + Level 3.5 Stealth
 + Level 14.4 Spellcasting
 + Level 7.5 Conjurations
 + Level 3.3 Fire Magic
 + Level 12.8 Air Magic
 + Level 2.1 Evocations


You had 18 spell levels left.
You knew the following spells:

 Your Spells              Type           Power      Damage    Failure   Level
a - Shock                 Conj/Air       100%       1d9       1%          1
b - Static Discharge      Conj/Air       62%        N/A       1%          2
c - Airstrike             Air            35%        N/A       1%          4
d - Mephitic Cloud        Conj/Pois/Air  51%        N/A       1%          3
e - Ignite Poison         Fire/Tmut/Pois 23%        N/A       3%          3
f - Sticky Flame          Conj/Fire      45%        2d6       2%          4
g - Swiftness             Air            70%        N/A       1%          3

Your spell library contained the following spells:

 Spells                   Type           Power      Damage    Failure   Level
 Foxfire                  Conj/Fire      100%       2x1d9     1%          1
 Conjure Flame            Conj/Fire      45%        6-21      1%          3
 Dazzling Flash           Conj/Hex       72%        N/A       1%          3
 Slow                     Hex            72%        N/A       7%          1
 Silence                  Hex/Air        25%        N/A       14%         5
 Confusing Touch          Hex            18%        N/A       21%         3
 Vampiric Draining        Necr           18%        2d7       21%         3
 Dispel Undead            Necr           18%        3d11      56%         4
 Agony                    Necr           18%        N/A       88%         5

Inventory:

Hand Weapons
 v - a +5 scimitar {long}
   (You took it off a wight on level 9 of the Dungeon)
 U - a +4 morningstar {mace}
   (You took it off a wight on level 7 of the Dungeon)
 W - a +4 short sword of freezing (weapon) {short}
   (You took it off a wight on level 7 of the Dungeon)
 X - a +6 spear {polearm}
   (You took it off a wight on level 7 of the Dungeon)
Missiles
 k - 4 datura-tipped darts {throwing}
 m - 25 poisoned darts {throwing}
Armour
 o - a +0 pair of boots (worn)
   (You found it on level 2 of the Dungeon)
 q - a +0 troll leather armour (worn)
   (You found it on level 5 of the Dungeon)
 r - a scarf of repulsion
   (You found it on level 8 of the Dungeon)
 G - a +1 cloak of poison resistance
   (You found it on level 9 of the Dungeon)
 K - a +2 leather armour of poison resistance
   (You took it off Eustachio on level 5 of the Dungeon)
 L - a scarf of resistance (worn)
   (You found it on level 5 of the Dungeon)
 N - +0 acid dragon scales
   (You took it off Maggie on level 7 of the Dungeon)
 T - a +2 robe of willpower
   (You took it off an orc priest on level 6 of the Dungeon)
 Z - a +2 buckler (worn)
   (You found it on level 7 of the Dungeon)
Magical Staves
 a - a staff of poison {!astaff}
   (You found it on level 9 of the Dungeon)
Jewellery
 p - a ring of willpower (left hand)
   (You found it on level 2 of the Dungeon)
 t - a ring of flight (right hand)
   (You found it on level 2 of the Dungeon)
 J - a +6 ring of dexterity
   (You found it on level 5 of the Dungeon)
Wands
 s - a wand of flame (28)
   (You found it on level 2 of the Dungeon)
 y - a wand of paralysis (3)
   (You found it on level 3 of the Dungeon)
 E - a wand of digging (6)
   (You found it on level 8 of the Dungeon)
 H - a wand of polymorph (2)
   (You took it off Pikel on level 4 of the Dungeon)
 I - a wand of iceblast (2)
   (You found it on level 5 of the Dungeon)
 Q - a wand of charming (13)
   (You found it on level 6 of the Dungeon)
Scrolls
 c - a scroll of torment {unknown}
 d - 4 scrolls of teleportation {@r4}
 e - a scroll of immolation {unknown}
 j - a scroll of holy word
 l - 4 scrolls of enchant weapon
 u - 2 scrolls of amnesia
 w - 3 scrolls of blinking {!r}
 x - a scroll of acquirement {unknown}
 A - 6 scrolls of fog
 B - a scroll of silence {unknown}
 R - a scroll of noise {unknown}
 S - 2 scrolls of fear
Potions
 b - 3 potions of mutation {!q}
 f - 2 potions of cancellation
 g - 3 potions of haste {@q3}
 h - 3 potions of heal wounds {@q2}
 i - 3 potions of attraction {!q}
 n - a potion of magic
 z - 3 potions of might
 C - 2 potions of berserk rage {unknown}
 F - 4 potions of curing {@q1}
 M - a potion of invisibility {unknown}
 O - 3 potions of degeneration {unknown}
 P - a potion of flight {unknown}
 Y - 2 potions of brilliance {unknown}

Dungeon Overview and Level Annotations

Branches:
Dungeon (10/15)            Temple (1/1) D:4            Lair (0/6) D:10
    Orc (0/2) D:9

Altars:
Ashenzari
Cheibriados
Dithmenos
Elyvilon
Fedhas
Gozag
Hepliaklqana
Kikubaaqudgha
Makhleb
Nemelex Xobeh
Okawaru
Qazlal
Ru
Sif Muna
Trog
Uskayaw
Vehumet
Wu Jian
Xom
Yredelemnul
Zin
The Shining One
Jiyva

Shops:
D:4 (?*=(   D:9 =

Annotations:
D:4 2 transporters, issech's ghost, amateur TrMo
D:8 3 runed translucent doors, Iusername's ghost, novice MiFi
D:9 1 runed translucent door, Harold; KittyFluff's ghost, novice GrBe

#... #... ..... #... ....# ###
.. #### ..... ..# #.## #
.....##.# ..# #
#.......#.####.##### # #(..
.....##.......# # .....##.Yโ€
##@......# ###### .....โ€
....##.Y.....# #....(
.....>.............# ###.....
...........#รท......###.'.....
.#..#......#.......##..#.....
.....#....##......)...##.....
##........##..>....#####.....
#........######.### #.....
..#......# #.# ##'###


You could see a death yak.


Message History

๐Ÿ˜Ž MP[+2]
You regained 2 mp, and now have 29/31 mp. ๐Ÿ˜Ž MP[+1]
Aiming: Airstrike (safe; 1% risk of failure)
Press: ? - help, Q - select action, (/) - cycle Dir - move target, f - death yak
Aim: a death yak (wandering, hasn't noticed you, empty space bonus: 8/8)
The air twists around and strikes the death yak!
The death yak bellows!
You hear a bellow! ๐Ÿ˜Ž MP[-4]
You lost 4 mp, and now have 26/31 mp.
Aiming: Airstrike (safe; 1% risk of failure)
Press: ? - help, Q - select action, (/) - cycle Dir - move target, f/p - death yak
Aim: a death yak (lightly wounded, empty space bonus: 7/8)
The air twists around and strikes the death yak!! ๐Ÿ˜Ž MP[-4]
You lost 4 mp, and now have 22/31 mp.
Aiming: Airstrike (safe; 1% risk of failure)
Press: ? - help, Q - select action, (/) - cycle Dir - move target, f/p - death yak
Aim: a death yak (heavily wounded, empty space bonus: 6/8)
The air twists around and strikes the death yak! ๐Ÿ˜Ž MP[-3]
You lost 3 mp, and now have 19/31 mp.
Aiming: Airstrike (safe; 1% risk of failure)
Press: ? - help, Q - select action, (/) - cycle Dir - move target, f/p - death yak
Aim: a death yak (severely wounded, empty space bonus: 5/8)
The air twists around and strikes the death yak! ๐Ÿ˜Ž MP[-4]
You lost 4 mp, and now have 15/31 mp.
Aiming: Airstrike (safe; 1% risk of failure)
Press: ? - help, Q - select action, (/) - cycle Dir - move target, f/p - death yak
Aim: a death yak (severely wounded, empty space bonus: 7/8)
The air twists around and strikes the death yak! ๐Ÿ˜Ž MP[-4]
You lost 4 mp, and now have 11/31 mp.
Aiming: Airstrike (safe; 1% risk of failure)
Press: ? - help, Q - select action, (/) - cycle Dir - move target, f/p - death yak
Aim: a death yak (almost dead, empty space bonus: 5/8)
The air twists around and strikes the death yak!!
You kill the death yak!
Vehumet accepts your kill.
You feel your power returning. ๐Ÿ˜Ž MP[+3]
You regained 3 mp, and now have 14/31 mp. ๐Ÿ˜Ž MP[+1]
There is a stone staircase leading up here.
You fly upwards.
Level annotation: 1 runed translucent door, Harold; KittyFluff's ghost, novice GrBe
There is a stone staircase leading down here. ๐Ÿ˜Ž MP[+1]
You start resting. ๐Ÿ˜Ž MP[+15]
Your mp is fully restored (31).
You fly downwards.
The death yak closely misses you.
There is a stone staircase leading up here.
Casting: Airstrike (safe; 1% risk of failure)
Confirm with . or Enter, or press ? or * to list all spells.
The death yak is struck by an arc of lightning!
The lightning grounds out.
The death yak closely misses you. ๐Ÿ˜Ž MP[-2]
You lost 2 mp, and now have 29/31 mp.
Casting: Static Discharge (safe; 1% risk of failure)
Confirm with . or Enter, or press ? or * to list all spells.
The death yak is struck by an arc of lightning!
The lightning grounds out.
The death yak gores you!! ๐Ÿ˜ฎ HP[-25] MP[-2]
You take 25 damage, and now have 30/55 hp.
MASSIVE DAMAGE!! (PAUSE)
You lost 2 mp, and now have 27/31 mp.
Casting: Static Discharge (safe; 1% risk of failure)
Confirm with . or Enter, or press ? or * to list all spells.
The death yak is struck by an arc of lightning!
The lightning grounds out.
The death yak gores you!
* * * LOW HITPOINT WARNING * * *
๐Ÿ˜จ HP[-10] MP[-2]
You take 10 damage, and now have 20/55 hp.
You lost 2 mp, and now have 25/31 mp.
Casting: Static Discharge (safe; 1% risk of failure)
Confirm with . or Enter, or press ? or * to list all spells.
The death yak is struck by an arc of lightning!
You are struck by an arc of lightning.
* * * LOW HITPOINT WARNING * * *
The lightning grounds out.
You block the death yak's attack. ๐Ÿ˜จ HP[-3] MP[-1]
You take 3 damage, and now have 17/55 hp.
You lost 1 mp, and now have 24/31 mp.
Casting: Static Discharge (safe; 1% risk of failure)
Confirm with . or Enter, or press ? or * to list all spells.
The death yak is struck by an arc of lightning!
The lightning grounds out.
The death yak gores you.
* * * LOW HITPOINT WARNING * * *
๐Ÿ˜ฑ HP[-5] MP[-2]
You take 5 damage, and now have 12/55 hp.
You lost 2 mp, and now have 22/31 mp.
Aiming: Airstrike (safe; 1% risk of failure)
Press: ? - help, Q - select action, (/) - cycle Dir - move target, f - death yak
Aim: a death yak (severely wounded, empty space bonus: 7/8)
The air twists around and strikes the death yak!
The death yak gores you!!
You die...

Skill      XL: |  1  2  3  4  5  6  7  8  9 10 11 |
---------------+----------------------------------+-----
Conjurations   | 2 3 4 5 6 7 |  7.5
Spellcasting   | 4 6 7 8 10 12 14 | 14.4
Air Magic      | 4 5 6 7 10 11 12 | 12.8
Stealth        | 3 |  3.5
Dodging        | 3 |  3.2
Evocations     | 2 |  2.1
Armour         | 1 2 |  2.0
Fire Magic     | 2 3 |  3.3
Fighting       | |  0.6

Action                   |  1- 3 |  4- 6 |  7- 9 | 10-12 || total
-------------------------+-------+-------+-------+-------++-------
Melee: Short sword       |       |       |       |     1 ||     1
 Cast: Shock             |    66 |   120 |    97 |     9 ||   292
       Static Discharge  |     6 |    16 |    43 |    51 ||   116
       Airstrike         |       |       |    45 |   172 ||   217
       Mephitic Cloud    |       |       |       |     2 ||     2
Evoke: Wand              |       |     3 |    10 |     2 ||    15
  Use: Scroll            |       |     3 |     4 |     9 ||    16
Armor: Robe              |       |     5 |       |       ||     5
       Leather armour    |       |       |     5 |       ||     5
       Troll leather arm |       |       |     7 |     7 ||    14
Dodge: Dodged            |     3 |    11 |    38 |    23 ||    75
Block: Buckler           |       |       |       |    10 ||    10

Levels and vault maps discovered:
D:1:      nzn_arrival_depleted_hourglass, layout_loops_ring,
          shapermc_ecumenical_altar_rom_forum, serial_bayou_pond_a,
          chequers_decorated_corner
D:2:      layout_basic
D:3:      layout_basic
D:4:      layout_rooms, temple_hall, serial_shops, nicolae_shop_crystal,
          kennysheep_mini_moat, shop, nicolae_square_shop,
          nicolae_stop_n_shop_2, gammafunk_ghost_stat_death,
          nicolae_shop_sticking_my_neck_out, uniq_pikel
D:5:      kennysheep_windowed_halls, layout_basic, uniq_eustachio, uniq_menkaure
D:6:      layout_rooms, kennysheep_generic_room_10, uniq_duvessa
D:7:      layout_cave_pools, nicolae_overflow_hallway_of_the_gods,
          enter_bailey_5, chequers_big_river, st_stairs_10, lightli_minifort,
          uniq_maggie
D:8:      layout_gridville, gammafunk_ghost_ooze
D:9:      layout_basic, erik_orc_4, hellmonk_ghost_happy_afterlife,
          serial_shops, shop, minmay_librarian, uniq_harold
D:10:     layout_roguey, dpeg_lair_monsters, serial_glass, glass_columns_a,
          glass_columns_c, bh_walls_and_bars
Temple:   nicolae_temple_elliptical

Notes
Turn   | Place    | Note
-------+----------+-------------------------------------------
     0 | D:1      | mortz the Deep Elf Air Elementalist began the quest for the
                  | Orb.
     0 | D:1      | Reached XP level 1. HP: 10/10 MP: 6/6
     0 | D:1      | magus.rc [v1.9.6]
   322 | D:1      | Reached XP level 2. HP: 15/15 MP: 1/8
   327 | D:1      | Learned a level 2 spell: Static Discharge
   514 | D:1      | Found a faded altar of an unknown god.
   522 | D:1      | Got Plato's Papyrus of Ignition
  1331 | D:2      | Reached XP level 3. HP: 15/19 MP: 6/9
  1668 | D:2      | Reached skill level 2 in Conjurations
  1672 | D:2      | You add the spells Conjure Flame, Ignite Poison and Sticky
                  | Flame to your library.
  1836 | D:2      | Reached skill level 4 in Spellcasting
  1836 | D:2      | Reached XP level 4. HP: 13/24 MP: 3/12
  2066 | D:2      | Reached skill level 4 in Air Magic
  2368 | D:3      | Identified the +3 mace of the Coward {antimagic, Dex+3}
  2599 | D:3      | Reached skill level 3 in Conjurations
  2716 | D:3      | Reached XP level 5. HP: 17/28 MP: 5/13
  3127 | D:3      | Reached skill level 3 in Stealth
  3645 | D:4      | Found Zuangum's Antique Weapon Emporium.
  3686 | D:4      | Found a transporter.
  3758 | D:4      | Reached skill level 4 in Conjurations
  3771 | D:4      | Reached XP level 6. HP: 32/32 MP: 12/15
  3808 | D:4      | Found Zigen's Neck Hole.
  3850 | D:4      | Found Kipnyira's Jewellery Shop.
  4159 | D:4      | Reached skill level 5 in Spellcasting
  4342 | D:4      | Found a transporter.
  4445 | D:4      | Noticed issech's ghost (amateur TrMo)
  4503 | D:4      | Noticed Pikel
  4504 | D:4      | magus.rc [v1.9.6]
  4519 | D:4      | Killed Pikel
  4520 | D:4      | Reached skill level 3 in Dodging
  4520 | D:4      | Reached skill level 6 in Spellcasting
  4520 | D:4      | Reached skill level 5 in Conjurations
  4520 | D:4      | Reached skill level 5 in Air Magic
  4520 | D:4      | Reached XP level 7. HP: 13/37 MP: 6/18
  4728 | D:4      | Found Nishreal's Antique Weapon Boutique.
  4753 | D:4      | Found Zogre's Magic Scroll Emporium.
  4760 | D:4      | Bought a scroll of identify for 20 gold pieces
  4760 | D:4      | Bought a scroll of identify for 20 gold pieces
  4760 | D:4      | Bought a scroll of identify for 20 gold pieces
  4773 | D:4      | Found Xiuvuvur's General Store.
  4856 | D:4      | Found a staircase to the Ecumenical Temple.
  4869 | Temple   | Entered the Ecumenical Temple
  4921 | Temple   | Became a worshipper of Vehumet
  5077 | D:5      | Entered Level 5 of the Dungeon
  5283 | D:5      | Learned a level 4 spell: Airstrike
  5708 | D:5      | Noticed Eustachio
  5719 | D:5      | Killed Eustachio
  5720 | D:5      | Reached skill level 7 in Spellcasting
  5720 | D:5      | Reached skill level 6 in Air Magic
  5720 | D:5      | Reached XP level 8. HP: 42/42 MP: 15/20
  5916 | D:5      | Noticed Menkaure
  5920 | D:5      | Killed Menkaure
  5921 | D:5      | Reached skill level 6 in Conjurations
  5921 | D:5      | Reached skill level 1 in Evocations
  6193 | D:5      | Reached skill level 7 in Air Magic
  6641 | D:5      | Reached * piety under Vehumet
  6641 | D:5      | Offered knowledge of Freeze by Vehumet.
  6642 | D:5      | Reached skill level 8 in Spellcasting
  6642 | D:5      | Reached skill level 2 in Evocations
  6806 | D:5      | Reached XP level 9. HP: 40/46 MP: 15/23
  6956 | D:5      | Noticed a troll
  6960 | D:5      | Killed a troll
  6961 | D:5      | Reached skill level 7 in Conjurations
  6971 | D:5      | Reached skill level 8 in Air Magic
  7270 | D:5      | Reached skill level 9 in Spellcasting
  7336 | D:5      | N - a +1 executioner's axe of electrocution {axerare}
  7701 | D:6      | Reached skill level 9 in Air Magic
  7850 | D:6      | Reached skill level 1 in Armour
  8029 | D:6      | Noticed Dowan
  8033 | D:6      | Killed Dowan
  8086 | D:6      | Noticed Duvessa
  8091 | D:6      | Killed Duvessa
  8174 | D:6      | Reached skill level 10 in Spellcasting
  8501 | D:6      | Noticed a two-headed ogre
  8505 | D:6      | Killed a two-headed ogre
  8506 | D:6      | Reached skill level 10 in Air Magic
  8506 | D:6      | Reached XP level 10. HP: 36/51 MP: 17/26
  8645 | D:6      | magus.rc [v1.9.6]
  8692 | D:6      | HP: 11/50 [orc warrior/+0 long sword (15)]
  8741 | D:7      | Reached ** piety under Vehumet
  8742 | D:7      | Offered knowledge of Poisonous Vapours by Vehumet.
  8917 | D:7      | Reached skill level 11 in Spellcasting
  9282 | D:7      | Noticed Maggie
  9287 | D:7      | Killed Maggie
  9388 | D:7      | You drop a +1 executioner's axe of electrocution {axerare}.
  9420 | D:7      | Found a hazy altar of Hepliaklqana.
  9426 | D:7      | Found a blossoming altar of Fedhas.
  9432 | D:7      | Found a glowing silver altar of Zin.
  9435 | D:7      | Found a broken altar of Ashenzari.
  9437 | D:7      | Found a shimmering altar of Xom.
  9444 | D:7      | Found an iron altar of Okawaru.
  9449 | D:7      | Reached skill level 11 in Air Magic
 10812 | D:8      | Reached skill level 1 in Fire Magic
 11034 | D:8      | Reached skill level 12 in Spellcasting
 11238 | D:8      | Offered knowledge of Searing Ray by Vehumet.
 11530 | D:8      | Found a runed translucent gate.
 11530 | D:8      | Found a runed translucent gate.
 11530 | D:8      | Found a runed translucent gate.
 11533 | D:8      | Noticed Iusername's ghost (novice MiFi)
 11565 | D:8      | Found a viscous altar of Jiyva.
 11745 | D:9      | Reached *** piety under Vehumet
 11892 | D:9      | Reached skill level 2 in Fire Magic
 12017 | D:8      | HP: 9/51 [yak (11)]
 12199 | D:9      | Found a staircase to the Orcish Mines.
 12199 | D:9      | Noticed a two-headed ogre
 12206 | D:9      | Killed a two-headed ogre
 12207 | D:9      | Reached XP level 11. HP: 55/55 MP: 13/29
 12423 | D:9      | Reached skill level 2 in Armour
 12618 | D:9      | Offered knowledge of Mephitic Cloud by Vehumet.
 12623 | D:9      | Learned a level 3 spell: Mephitic Cloud
 12627 | D:9      | Learned a level 3 spell: Ignite Poison
 12632 | D:9      | Learned a level 4 spell: Sticky Flame
 12669 | D:9      | Reached skill level 3 in Fire Magic
 12782 | D:9      | Found Igitt's Jewellery Shop.
 12925 | D:9      | Reached skill level 13 in Spellcasting
 13051 | D:9      | Noticed Harold
 13161 | D:9      | Found a runed translucent door.
 13164 | D:9      | Noticed KittyFluff's ghost (novice GrBe)
 13293 | D:9      | Noticed an ogre mage
 13297 | D:9      | Killed an ogre mage
 13298 | D:9      | Reached skill level 12 in Air Magic
 13351 | D:9      | You pick up a book of Touch and begin reading...
 13365 | D:9      | You pick up a book of Debilitation and begin reading...
 13365 | D:9      | You add the spells Slow, Vampiric Draining and Confusing
                  | Touch to your library.
 13371 | D:9      | You pick up a book of the Senses and begin reading...
 13371 | D:9      | You add the spells Dazzling Flash, Agony and Silence to
                  | your library.
 13384 | D:9      | Learned a level 3 spell: Swiftness
 13516 | D:10     | Entered Level 10 of the Dungeon
 13517 | D:10     | Found a staircase to the Lair.
 13517 | D:10     | Noticed a death yak
 13518 | D:10     | Noticed a death yak
 13521 | D:10     | Noticed a death yak
 13527 | D:9      | Killed a death yak
 13734 | D:10     | Noticed a two-headed ogre
 13747 | D:10     | Killed a two-headed ogre
 13895 | D:10     | Reached skill level 14 in Spellcasting
 14481 | D:10     | Killed a death yak
 14562 | D:10     | HP: 12/55 [death yak (6)]
 14563 | D:10     | Mangled by a death yak

Vanquished Creatures
  An ogre mage (D:9)
  2 death yaks
  3 two-headed ogres
  Pikel (D:4)
  Maggie (D:7)
  2 trolls
  9 yaks
  2 wyverns
  A vampire (D:7)
  Eustachio (D:5)
  2 steam dragons
  A human (D:9)
  Menkaure (D:5)
  A warg (D:8)
  Duvessa (D:6)
  2 water moccasins
  4 orc warriors
  A black bear (D:7)
  4 necrophages
  2 ice beasts
  An ogre (D:5)
  3 centaurs
  A phantom (D:6)
  A lemure (D:4)
  A kobold brigand (D:6)
  A wyvern zombie (D:6)
  3 bullfrogs
  3 scorpions
  A wyvern skeleton (D:7)
  2 water moccasin skeletons
  11 killer bees
  Dowan (D:6)
  18 wights
  3 electric eels (D:7)
  A howler monkey (D:5)
  3 centaur zombies
  A bullfrog zombie (D:5)
  8 orc priests
  2 centaur skeletons
  3 jellies
  3 hounds
  6 iguanas
  12 orc wizards
  2 scorpion zombies (D:5)
  3 hell rats (D:10)
  A hound zombie (D:5)
  A hound skeleton (D:5)
  9 adders
  7 gnolls
  2 river rats (D:10)
  5 shadow imps
  2 ufetubi
  An adder skeleton (D:4)
  4 worms
  3 dart slugs
  33 orcs
  11 endoplasms
  2 giant cockroaches
  10 goblins
  14 hobgoblins
  4 jackals
  7 quokkas
  4 ball pythons
  5 bats
  3 frilled lizards
  11 kobolds
  7 rats
282 creatures vanquished.

Table legend:
 A = Non-vault XP
 B = Vault XP
 C = Vault XP percentage of total XP
 D = Non-vault monster count
 E = Vault monster count
 F = Vault count percentage of total count
                 A         B        C        D         E       F
            +---------+---------+-------+---------+---------+-------
      Total |   10813 |    7351 |  40.5 |     219 |      62 |  22.1
            +---------+---------+-------+---------+---------+-------
        D:1 |      27 |       0 |   0.0 |      16 |       0 |   0.0
        D:2 |      99 |       0 |   0.0 |      28 |       0 |   0.0
        D:3 |     231 |       0 |   0.0 |      27 |       0 |   0.0
        D:4 |     177 |     629 |  78.0 |      23 |       1 |   4.2
        D:5 |     860 |    1728 |  66.8 |      18 |      22 |  55.0
        D:6 |    1487 |    1033 |  41.0 |      26 |       3 |  10.3
        D:7 |    1329 |     652 |  32.9 |      18 |      10 |  35.7
        D:8 |    1451 |     161 |  10.0 |      30 |       1 |   3.2
        D:9 |    2938 |    2203 |  42.9 |      22 |      17 |  43.6
       D:10 |    2214 |     945 |  29.9 |      11 |       8 |  42.1
            +---------+---------+-------+---------+---------+-------

Illustrated notes

Table legend:
 A = Kills in this place as a percentage of kills in entire the game.
 B = Kills by you in this place as a percentage of kills by you in the entire game.
 C = Kills by friends in this place as a percentage of kills by friends in the entire game.
 D = Other kills in this place as a percentage of other kills in the entire game.
 E = Experience gained in this place as a percentage of experience gained in the entire game.
 F = Experience gained in this place divided by the number of levels of this place that you have seen.
                   A       B       C       D       E      F
               +-------+-------+-------+-------+-------+----------------------
         Total | 100.0 | 100.0 |   N/A | 100.0 | 100.0 | 1651.3
       Dungeon | 100.0 | 100.0 |   N/A | 100.0 | 100.0 | 1816.4
               +-------+-------+-------+-------+-------+----------------------

Table legend: (Time is in decaauts)
 A = Elapsed time spent in this place.
 B = Non-inter-level travel time spent in this place.
 C = Inter-level travel time spent in this place.
 D = Time resting spent in this place.
 E = Time spent auto-exploring this place.
 F = Levels seen in this place.
 G = Mean time per level.
                   A        B        C        D        E       F      G
               +--------+--------+--------+--------+--------+-----+--------+
         Total |  14574 |  14173 |    401 |   4257 |   7693 |  11 | 1324.9 |
       Dungeon |  14403 |  14036 |    367 |   4257 |   7576 |  10 | 1440.3 |
        Temple |    170 |    136 |     34 |      0 |    117 |   1 |  170.0 |
               +--------+--------+--------+--------+--------+-----+--------+

Top non-repeatable levels by time:
     D:5: 2655 daAuts
     D:9: 1832 daAuts
     D:7: 1805 daAuts
     D:3: 1605 daAuts
     D:8: 1352 daAuts
     D:2: 1226 daAuts
     D:1: 1074 daAuts
     D:6: 1006 daAuts
     D:4: 998 daAuts
    D:10: 844 daAuts
  Temple: 170 daAuts
